 Dungeon Crawl Stone Soup version 0.28-a0-1030-g8662a71 (webtiles) character file.

Game seed: 875482500770036383

17 HDogLeCool the Skirmisher (level 2, -9/24 HPs)
             Began as a Demonspawn Fighter on Dec 7, 2021.
             Mangled by a kobold (22 damage)
             ... on level 1 of the Dungeon.
             The game lasted 00:00:56 (345 turns).

HDogLeCool the Skirmisher (Demonspawn Fighter)       Turns: 345, Time: 00:00:56

Health: -9/24      AC:  6    Str: 16    XL:     2   Next: 44%
Magic:  2/2        EV:  9    Int:  9    God:
Gold:   0          SH:  4    Dex: 12    Spells: 1/1 levels left

rFire   . . .      SeeInvis .   a - +0 long sword
rCold   . . .      Faith    .   c - +0 buckler
rNeg    . . .      Spirit   .   b - +0 scale mail
rPois   .          Reflect  .   (no helmet)
rElec   .          Harm     .   (no cloak)
rCorr   .          Rampage  .   (no gloves)
Will    .....                   (no boots)
Stlth   ..........              (no amulet)
HPRegen 0.08/turn               (no ring)
MPRegen 0.08/turn               (no ring)

@: no status effects
A: demonic guardian 1
a: no special abilities


You were on level 1 of the Dungeon.
You visited 1 branch of the dungeon, and saw 1 of its levels.

Inventory:

Hand Weapons
 a - a +0 long sword (weapon)
Missiles
 h - 37 stones (quivered)
Armour
 b - a +0 scale mail (worn)
 c - a +0 buckler (worn)
Scrolls
 f - a scroll of identify {unknown}
 g - a scroll of fear {unknown}
Potions
 d - a potion of might
 e - a potion of flight {unknown}
 i - a potion of attraction {unknown}


   Skills:
 + Level 3.1 Fighting
 * Level 2.1 Long Blades
 + Level 2.8 Armour
 * Level 3.0 Shields


You had one spell level left.
You didn't know any spells.
Your spell library contained the following spells:

 Spells                   Type           Power      Damage    Failure   Level
 Ensorcelled Hibernation  Hex/Ice        0%         N/A       94%         2
 Tukima's Dance           Hex            0%         N/A       99%         3


Dungeon Overview and Level Annotations

Branches:
Dungeon (1/15)

Altars:


Innate Abilities, Weirdness & Mutations

A weak demonic guardian rushes to your aid.


Message History

No target in view!
Things that are here:
a +0 dagger; a goblin corpse A ball python comes into view.
The ball python hisses angrily.
The ball python moves out of view.
A kobold comes into view. It is wielding a +1 whip of distortion.
Found 4 gold pieces.
The kobold shouts!
You hear a shout!
You closely miss the ball python.
The ball python bites you but does no damage.
The ball python grabs you. The ball python constricts you.
You barely miss the ball python.
The ball python bites you but does no damage.
The ball python constricts you.
The ball python bites you but does no damage.
The ball python constricts you.
You barely miss the ball python. You block the ball python's attack.
The ball python constricts you.
You escape the ball python's grasp.
The ball python bites you but does no damage.
You block the ball python's attack.
A goblin comes into view. It is wielding a +0 dagger.
The goblin shouts!
You block the ball python's attack. The ball python barely misses you.
You slash the ball python!
You kill the ball python!
The kobold barely misses you.
You barely miss the kobold.
The kobold hits you with a +1 whip of distortion.
You blink.
Unknown command.
The kobold hits you but does no damage. Space warps around you.
You closely miss the kobold. The kobold hits you but does no damage.
You blink.
You barely miss the kobold. The kobold barely misses you.
You closely miss the kobold.
The kobold hits you with a +1 whip of distortion.
Space warps horribly around you!!
Ouch! That really hurt!
You die...

#...# #....##.
####...# #....#.#
#......# ####..#.
#......# #.##.
#......#######....
#>....)+..........
#.##...####.......
#####.##...####.......
#..gK@........'.......
#.#############.....##
#.........# #######
#......g..#####
##.#####......#
#..........#
#...#...#......#
#.#.....#......#
#...#.#.#.#.#...


You could see a goblin and a kobold.

Vanquished Creatures
  A dart slug (D:1)
  An endoplasm (D:1)
  A giant cockroach (D:1)
  A goblin (D:1)
  2 hobgoblins (D:1)
  A kobold (D:1)
  2 quokkas (D:1)
  2 ball pythons (D:1)
  A bat (D:1)
  A frilled lizard (D:1)
  A rat (D:1)
14 creatures vanquished.

Notes
Turn   | Place    | Note
-------+----------+-------------------------------------------
     0 | D:1      | HDogLeCool the Demonspawn Fighter began the quest for the
                  | Orb.
     0 | D:1      | Reached XP level 1. HP: 18/18 MP: 1/1
   254 | D:1      | Gained mutation: A weak demonic guardian rushes to your
                  | aid. [demonic ancestry]
   254 | D:1      | Reached XP level 2. HP: 24/24 MP: 2/2
   345 | D:1      | Mangled by a kobold

Illustrated notes

Levels and vault maps discovered:
D:1:      minmay_arrival_stone_box, layout_basic,
          shapermc_ecumenical_altar_notcrosses, hangedman_decor_lopped,
          minmay_tromino_v7

Skill      XL: |  1  2 |
---------------+-------+-----
Long Blades    | 2 |  2.1
Shields        | 3 |  3.0
Fighting       | |  3.1
Armour         | |  2.8

Action                   || total
-------------------------++-------
Melee: Long sword        ||    42
Armor: Scale mail        ||    19
Dodge: Dodged            ||    19
Block: Buckler           ||     9

Table legend: (Time is in decaauts)
 A = Elapsed time spent in this place.
 B = Non-inter-level travel time spent in this place.
 C = Inter-level travel time spent in this place.
 D = Time resting spent in this place.
 E = Time spent auto-exploring this place.
 F = Levels seen in this place.
 G = Mean time per level.
                   A        B        C        D        E       F      G
               +--------+--------+--------+--------+--------+-----+--------+
         Total |    358 |    358 |      0 |      0 |    247 |   1 |  358.0 |
       Dungeon |    358 |    358 |      0 |      0 |    247 |   1 |  358.0 |
               +--------+--------+--------+--------+--------+-----+--------+

Top non-repeatable levels by time:
     D:1: 358 daAuts
